 Dungeon Crawl Stone Soup version 0.28-a0-224-g76b539d98b (webtiles) character file.

Game seed: 10975701757899185027

55 avis the Ogre Mage (level 3, -1/35 HPs)
             Began as an Ogre Transmuter on Aug 21, 2021.
             Slain by a scorpion (9 damage)
             ... on level 2 of the Dungeon.
             The game lasted 00:09:45 (1578 turns).

avis the Ogre Mage (Ogre Transmuter)                Turns: 1578, Time: 00:09:46

Health: -1/35      AC:  3    Str: 11 (14) XL:     3   Next: 93%
Magic:  7/7        EV:  9    Int: 14 (15) God:
Gold:   124        SH:  0    Dex:  7 (9)  Spells: 4/8 levels left

rFire   . . .      SeeInvis .   a - +1 spear (vorpal)
rCold   . . .      Faith    .   (no shield)
rNeg    . . .      Spirit   .   g - +0 robe
rPois   .          Reflect  .   (helmet currently unavailable)
rElec   .          Harm     .   (no cloak)
rCorr   .          Rampage  .   (gloves unavailable)
Will    .....                   (boots unavailable)
Stlth   +.........              (no amulet)
HPRegen 0.11/turn               (no ring)
MPRegen 0.10/turn               (no ring)

@: appendages (expiring)
A: horns 2, talons 2, large, unfitting armour, tough skin 1
a: End Transformation


You were on level 2 of the Dungeon.
You had temporarily grown beastly horns and talons.
You visited 1 branch of the dungeon, and saw 2 of its levels.

You collected 124 gold pieces.

Inventory:

Hand Weapons
 a - a +1 vorpal spear (weapon)
 b - a +0 hunting sling
 c - a +0 dagger of draining
Missiles
 j - 13 arrows
 k - 51 stones (quivered)
 p - 19 bolts
Armour
 g - a +0 robe (worn)
Scrolls
 d - a scroll of noise {unknown}
 e - a scroll of magic mapping {unknown}
 m - 2 scrolls of teleportation {unknown}
 n - 3 scrolls of blinking {unknown}
Potions
 i - 2 potions of degeneration
 l - a potion of haste {unknown}
 o - a potion of lignification {unknown}


   Skills:
 - Level 2.0 Fighting
 - Level 2.0 Dodging
 - Level 3.0 Unarmed Combat
 - Level 3.0 Spellcasting
 - Level 2.0 Transmutations
 * Level 1.8 Poison Magic


You had 4 spell levels left.
You knew the following spells:

 Your Spells              Type           Power      Damage    Failure   Level
a - Beastly Appendage     Tmut           14%        N/A       10%         1
p - Spider Form           Tmut/Pois      3%         N/A       28%         3

Your spell library contained the following spells:

 Spells                   Type           Power      Damage    Failure   Level
 Wereblood                Tmut           7%         N/A       14%         2
 Ice Form                 Ice/Tmut       4%         N/A       80%         4


Dungeon Overview and Level Annotations

Branches:
Dungeon (2/15)

Altars:


Innate Abilities, Weirdness & Mutations

You have temporarily grown beastly horns and talons.
You are too large for most types of armour.
You have tough skin. (AC +1)


Message History

You feel sick. The scorpion closely misses you.
You barely miss the scorpion.
The scorpion is heavily wounded.
You feel sick. The scorpion stings you!
* * * LOW HITPOINT WARNING * * *
The scorpion completely misses you.
It was a potion of degeneration.
There was something very wrong with that liquid.
You feel weakened.
You feel dopey.
You feel clumsy.
* * * LOW HITPOINT WARNING * * *
You feel sick. The scorpion stings you.
* * * LOW HITPOINT WARNING * * *
It was a potion of heal wounds.
You feel much better.
You feel sick. The scorpion stings you.
You barely miss the scorpion.
You headbutt the scorpion, but do no damage.
The scorpion is heavily wounded.
You feel sick. The scorpion closely misses you. The scorpion stings you.
You hit the scorpion but do no damage. Your kick misses the scorpion.
The scorpion is heavily wounded.
You feel sick. The scorpion stings you.
* * * LOW HITPOINT WARNING * * *
It was a potion of curing.
You feel better.
Your transformation is almost over.
The scorpion stings you but does no damage.
You closely miss the scorpion.
The scorpion is heavily wounded.
The scorpion stings you.
You hit the scorpion but do no damage.
You claw the scorpion, but do no damage.
The scorpion is heavily wounded.
The scorpion closely misses you. The scorpion misses you.
You hit the scorpion.
The scorpion is severely wounded.
The scorpion stings you.
* * * LOW HITPOINT WARNING * * *
You hit the scorpion.
The scorpion is almost dead.
The scorpion stings you!
You die...

#.......# ##.#......
#.......# ###.(.####
.........# #.#####.#
....... ..##.#.....#
##.# ... .......
...#..†... .†.# #..
..... #.#....## ##.#
.### #)(.#
#.##......## #.#####.#
#...# #...........
#.......# #.s.#
######.##### #####.###
#.@.# ####.### #..#
#...# #......# #.##
##.## #.##.#.###
##.##########.# #
#.#.#..
.###.............###
#.....#
......###.####.....###
###.#..
.###.##........###...#
#.####.##.
#.##........# #.#.#
#......###
#.##....###.###.#.#
########


You could see a scorpion.

Vanquished Creatures
  An adder (D:2)
  A dart slug (D:1)
  2 bats (D:1)
  4 endoplasms
  3 giant cockroaches
  3 goblins (D:1)
  8 hobgoblins
  3 jackals (D:2)
  A quokka (D:2)
  3 frilled lizards (D:1)
  4 kobolds (D:1)
  4 rats
37 creatures vanquished.

Notes
Turn   | Place    | Note
-------+----------+-------------------------------------------
     0 | D:1      | avis the Ogre Transmuter began the quest for the Orb.
     0 | D:1      | Reached XP level 1. HP: 19/19 MP: 3/3
   188 | D:1      | Reached XP level 2. HP: 26/28 MP: 2/5
   278 | D:1      | Found a faded altar of an unknown god.
   510 | D:1      | Reached XP level 3. HP: 29/35 MP: 7/7
   564 | D:1      | Learned a level 3 spell: Spider Form
  1128 | D:2      | Reached skill level 1 in Poison Magic
  1559 | D:2      | Noticed a scorpion
  1578 | D:2      | Slain by a scorpion

Illustrated notes

Levels and vault maps discovered:
D:1:      dpeg_arrival_rooms_b, layout_basic,
          dilly_ecumenical_altar_fadedgnrine, grunt_decor_one_mirror,
          item_on_display_b
D:2:      layout_loops_cross, serial_shops, nicolae_shop_stone

Skill      XL: |  1  2  3 |
---------------+----------+-----
Transmutations | 2 |  2.0
Fighting       | 2 |  2.0
Dodging        | 2 |  2.0
Spellcasting   | 3 |  3.0
Unarmed Combat | 3 |  3.0
Poison Magic   | 1 |  1.8

Action                   || total
-------------------------++-------
Melee: Dagger            ||    40
       Kick              ||    17
       Headbutt          ||     7
       Unarmed           ||     1
       Spear             ||    62
 Fire: Hunting sling     ||     4
Throw: Stone             ||     3
 Cast: Beastly Appendage ||    28
  Use: Potion            ||     3
 Stab: Sleeping          ||     1
Armor: Robe              ||    19
Dodge: Dodged            ||    42

Table legend: (Time is in decaauts)
 A = Elapsed time spent in this place.
 B = Non-inter-level travel time spent in this place.
 C = Inter-level travel time spent in this place.
 D = Time resting spent in this place.
 E = Time spent auto-exploring this place.
 F = Levels seen in this place.
 G = Mean time per level.
                   A        B        C        D        E       F      G
               +--------+--------+--------+--------+--------+-----+--------+
         Total |   1585 |   1515 |     70 |    437 |    644 |   2 |  792.5 |
       Dungeon |   1585 |   1515 |     70 |    437 |    644 |   2 |  792.5 |
               +--------+--------+--------+--------+--------+-----+--------+

Top non-repeatable levels by time:
     D:1: 1021 daAuts
     D:2: 564 daAuts
